 Dungeon Crawl Stone Soup version 0.26.0-16-gc1dbca0489 (webtiles) character file.

Game seed: 2366726496510920783

154 kaeus the Grave Robber (level 5, 0/36 HPs)
             Began as a Demonspawn Necromancer on Jan 20, 2021.
             Slain by a hobgoblin
             ... wielding a +0 club
             ... led by Robin
              (9 damage)
             ... on level 3 of the Dungeon.
             The game lasted 00:06:42 (3552 turns).

kaeus the Grave Robber (Demonspawn Necromancer)     Turns: 3552, Time: 00:06:42

Health: 0/36       AC:  4    Str:  8    XL:     5   Next: 13%
Magic:  3/9        EV: 13    Int: 18    God:
Gold:   66         SH:  5    Dex: 13    Spells: 7/9 levels left

rFire    . . .     SeeInvis .   q - +2 mace (protect)
rCold    . . .     Faith    .   (no shield)
rNeg     . . .     Spirit   .   a - +0 robe
rPois    .         Reflect  +   (no helmet)
rElec    .         Harm     .   p - +0 cloak
rCorr    .         Rampage  .   (no gloves)
Will     .....                  (no boots)
Stlth    ++........             s - amulet of reflection
HPRegen  0.12/turn              (no ring)
MPRegen  0.11/turn              (no ring)

@: no status effects
A: rugged brown scales 1
a: no special abilities


You were on level 3 of the Dungeon.
You visited 1 branch of the dungeon, and saw 3 of its levels.

You collected 66 gold pieces.

Inventory:

Hand Weapons
 e - a +0 whip
 o - a +3 quarterstaff of chaos
 q - a +2 mace of protection (weapon)
Armour
 a - a +0 robe (worn)
 p - a +0 cloak (worn)
Jewellery
 s - an amulet of reflection (around neck)
Scrolls
 c - 3 scrolls of remove curse
 f - a scroll of noise {unknown}
 g - a scroll of teleportation {unknown}
 h - a scroll of fog
 j - a scroll of enchant weapon {unknown}
 k - 2 scrolls of amnesia {unknown}
 n - a scroll of magic mapping {unknown}
Potions
 b - 2 potions of heal wounds {unknown}
 d - 2 potions of curing
 i - a potion of berserk rage {unknown}
 l - 2 potions of attraction {unknown}
 m - a potion of mutation {unknown}
 r - a potion of haste {unknown}


   Skills:
 + Level 2.8 Dodging
 + Level 3.1 Stealth
 + Level 2.9 Spellcasting
 + Level 5.1 Necromancy


You had 7 spell levels left.
You knew the following spells:

 Your Spells              Type           Power        Failure   Level
a - Pain                  Necr           84%          1%          1
b - Animate Skeleton      Necr           42%          1%          1

Your spell library contained the following spells:

 Spells                   Type           Power        Failure   Level
 Vampiric Draining        Necr           10%          6%          3
 Animate Dead             Necr           10%          19%         4
 Agony                    Necr           21%          47%         5


Dungeon Overview and Level Annotations

Branches:
Dungeon (3/15)

Altars:


Innate Abilities, Weirdness & Mutations

You are partially covered in rugged brown scales. (AC +1, +3% HP)


Message History

The hobgoblin throws a stone.
The stone closely misses you.
The hobgoblin throws a stone.
The stone hits you.
* * * LOW HITPOINT WARNING * * *
You see here a stone.
Casting: Pain (safe; 1% risk of failure)
Confirm with . or Enter, or press ? or * to list all spells.
Aiming: Pain (safe; 1% risk of failure)
Press: ? - help, Shift-Dir - straight line, f - hobgoblin
Aim: a hobgoblin, wielding a +0 club and quivering 12 stones (strong, chance to affect: 91%)
The hobgoblin writhes in agony.
The hobgoblin throws a stone.
The stone barely misses you.
You are too injured to fight recklessly!
You are too injured to fight recklessly!
You are too injured to fight recklessly!
You are too injured to fight recklessly!
The hobgoblin hits you but does no damage.
You barely miss the hobgoblin.
The hobgoblin is lightly wounded.
The hobgoblin hits you with a +0 club!
You die...

#.######.......#####g#
......##...#(..#..ggg#
#####.###..#...#)#####
...>#.###g#
###########(# #.#####
#≈≈≈≈≈≈≈≈≈.## #..g..#
#≈........≈# ###.###
#≈.⌠....⌠.≈######.#
#≈........≈#(.(@gg#
#≈.).##.).≈########
#≈...##...≈#
#≈........≈#
#≈.⌠....⌠.≈#
#≈........≈#
##.≈≈≈≈≈≈≈≈≈#
#'########### #.#


You could see a hobgoblin (strong) and a goblin (strong).

Vanquished Creatures
  Crazy Yiuf (D:2)
  Robin (D:3)
  A gnoll (D:1)
  A river rat (D:3)
  2 oozes (D:1)
  2 worms (D:2)
  A dart slug (D:1)
  2 leopard geckos (D:1)
  An orc (D:3)
  A ball python (D:2)
  3 bats
  8 giant cockroaches
  10 goblins
  7 hobgoblins
  6 jackals (D:2)
  A quokka (D:2)
  5 frilled lizards
  8 kobolds
  11 rats
72 creatures vanquished.

Vanquished Creatures (collateral kills)
  2 giant cockroaches
  A ball python (D:3)
  3 rats (D:3)
6 creatures vanquished.

Vanquished Creatures (others)
  A fungus (D:2)
1 creature vanquished.

Grand Total: 79 creatures vanquished

Notes
Turn   | Place    | Note
-------+----------+-------------------------------------------
     0 | D:1      | kaeus the Demonspawn Necromancer began the quest for the
                  | Orb.
     0 | D:1      | Reached XP level 1. HP: 13/13 MP: 3/3
     2 | D:1      | Learned a level 1 spell: Animate Skeleton
   109 | D:1      | Gained mutation: You are partially covered in rugged brown
                  | scales. (AC +1, +3% HP) [demonic ancestry]
   109 | D:1      | Reached XP level 2. HP: 1/19 MP: 0/5
   914 | D:1      | Reached XP level 3. HP: 13/24 MP: 4/6
  2135 | D:2      | Reached XP level 4. HP: 26/30 MP: 3/7
  2689 | D:2      | Found a runed translucent door.
  2690 | D:2      | Noticed Crazy Yiuf
  2720 | D:2      | Killed Crazy Yiuf
  2721 | D:2      | Reached skill level 5 in Necromancy
  3472 | D:3      | Noticed Robin
  3476 | D:3      | Reached XP level 5. HP: 29/36 MP: 1/9
  3492 | D:3      | HP: 1/36 [goblin/+0 club[Robin] (3)]
  3547 | D:3      | Killed Robin
  3552 | D:3      | Slain by a hobgoblin

Illustrated notes

Levels and vault maps discovered:
D:1:      onia_arrival_handbag, layout_loops_cross, minmay_worlds_worst_comb
D:2:      layout_loops_ring, uniq_crazy_yiuf_cottage
D:3:      layout_basic, portal_sewer_entry_b, kennysheep_pointless_box,
          uniq_robin

Skill      XL: |  1  2  3  4 |
---------------+-------------+-----
Dodging        | 2 |  2.8
Stealth        | 2 3 |  3.1
Necromancy     | 5 |  5.1
Spellcasting   | |  2.9

Action                   |  1- 3 |  4- 6 || total
-------------------------+-------+-------++-------
Melee: Unarmed           |     2 |       ||     2
       Whip              |    26 |    27 ||    53
       Mace              |       |    46 ||    46
       Quarterstaff      |       |     1 ||     1
 Cast: Pain              |    67 |    42 ||   109
       Animate Skeleton  |     4 |     8 ||    12
  Use: Scroll            |       |     2 ||     2
       Potion            |       |     2 ||     2
 Stab: Sleeping          |       |     2 ||     2
Armor: Robe              |     4 |    37 ||    41
Dodge: Dodged            |    24 |    65 ||    89
Block: Other             |       |    21 ||    21
